 Dungeon Crawl Stone Soup version 0.30-a0-165-g1891117ce2 (webtiles) character file.

Game seed: 6716713243766141307

352 Iusername the Covered (level 6, -2/55 HPs)
             Began as a Minotaur Fighter on Sept 28, 2022.
             Was a Follower of Uskayaw.
             Slain by an orc priest
             ... wielding a +0 dagger
              (3 damage)
             ... on level 3 of the Dungeon.
             The game lasted 00:03:25 (2703 turns).

Iusername the Covered (Minotaur Fighter)            Turns: 2703, Time: 00:03:25

Health: -2/55      AC:  9    Str: 23    XL:     6   Next: 34%
Magic:  5/5        EV:  9    Int:  5    God:    Uskayaw [*.....]
Gold:   109        SH:  5    Dex: 15    Spells: 5/5 levels left

rFire   . . .      SeeInvis .    a - +0 flail
rCold   . . .      Faith    .    c - +0 buckler
rNeg    . . .      Spirit   .    b - +0 scale mail
rPois   .          Reflect  .    (helmet restricted)
rElec   .          Harm     .    (no cloak)
rCorr   .          Rampage  .    (no gloves)
Will    .....                    m - +1 pair of boots
Stlth   ..........               (no amulet)
HPRegen 0.18/turn                l - +6 ring of dexterity
MPRegen 0.09/turn                (no ring)

@: no status effects
A: horns 2, retaliatory headbutt
a: Renounce Religion, Stomp


You were on level 3 of the Dungeon.
You worshipped Uskayaw.
Uskayaw was noncommittal.
You visited 1 branch of the dungeon, and saw 3 of its levels.

You collected 109 gold pieces.

Inventory:

Hand Weapons
 a - a +0 flail (weapon)
Armour
 b - a +0 scale mail (worn)
 c - a +0 buckler (worn)
 m - a +1 pair of boots (worn)
Jewellery
 l - a +6 ring of dexterity (left hand)
 n - a ring of fire
 o - a ring of protection from cold
 q - a +6 ring of strength
Scrolls
 f - 5 scrolls of identify {unknown}
 g - a scroll of poison {unknown}
 j - a scroll of enchant armour {unknown}
 k - a scroll of amnesia {unknown}
 p - 3 scrolls of fear {unknown}
 r - a scroll of vulnerability {unknown}
 t - a scroll of summoning {unknown}
Potions
 d - 3 potions of might
 e - a potion of lignification {unknown}
 h - 3 potions of heal wounds {unknown}
 i - a potion of haste {unknown}
 s - a potion of magic {unknown}


   Skills:
 + Level 4.8 Fighting
 + Level 5.0 Maces & Flails
 + Level 5.9 Armour
 + Level 0.6 Dodging
 + Level 0.6 Stealth
 + Level 4.4 Shields


You had 5 spell levels left.
You didn't know any spells.
Your spell library contained the following spells:

 Spells                   Type           Power      Damage    Failure   Level
 Beastly Appendage        Tmut           0%         N/A       86%         1
 Slow                     Hex            0%         N/A       86%         1
 Wereblood                Tmut           0%         N/A       94%         2
 Confusing Touch          Hex            0%         N/A       99%         3
 Spider Form              Tmut/Pois      0%         N/A       99%         3
 Vampiric Draining        Necr           0%         2d6       99%         3


Dungeon Overview and Level Annotations

Branches:
Dungeon (3/15)

Altars:
Cheibriados
Uskayaw


Innate Abilities, Weirdness & Mutations

You have a pair of horns on your head.
You reflexively headbutt those who attack you in melee.


Message History

You hit the orc priest. You headbutt the orc priest.
You kill the orc priest!
You can now pass through a line of other dancers.
Your Maces & Flails skill increases to level 5!
An orc comes into view. It is wielding a +0 mace.
An orc priest and an orc come into view.
The orc hits you with a +0 mace.
Things that are here:
a +0 club; a +0 ring mail
There are monsters nearby!
You sock the orc! You headbutt the orc.
You kill the orc!
There are monsters nearby!
You closely miss the orc priest.
The orc priest invokes the aid of Beogh against you.
Beogh smites you!
There are monsters nearby!
There are monsters nearby!
You are too injured to fight recklessly!
There are monsters nearby!
You are too injured to fight recklessly!
Welcome back, Iusername the Minotaur Fighter.
Uskayaw says: Surrender yourself to the rhythm!
Press ? for a list of commands and other information.
The orc priest hits you but does no damage.
You hit the orc priest but do no damage.
Your headbutt misses the orc priest.
The orc priest invokes the aid of Beogh against you.
Beogh smites you!
* * * LOW HITPOINT WARNING * * *
You hit the orc priest.
The orc priest is heavily wounded.
You closely miss the orc. The orc hits you but does no damage.
The orc priest hits you with a +0 dagger.
* * * LOW HITPOINT WARNING * * *
You barely miss the orc. The orc priest barely misses you.
The orc hits you with a +0 whip.
* * * LOW HITPOINT WARNING * * *
The orc priest hits you with a +0 dagger.
You die...

#.......## ###.#
#.. ..# #
....#####.# #.# #
###.##.##.######.#
#
...†..........##.#
#
....#..##.###.##.#
# ###....##.#
#.##.# ##########
#.[.....###.##o#
#..)......
##...##......o@#
#.###.##.#
##.#######.####
#.# #.##.# #.# #.#
#.# #.##.# #.# #.#
#.# #....# ##+##
#.> #.# ###..#
##...## ##$
#.#####..#
##.....## .
#.#.......
##.......### ..
#........#
#..........##
####.#...##


You could see an orc priest and an orc.

Vanquished Creatures
  Sigmund (D:3)
  An orc priest (D:3)
  Jessica (D:3)
  Natasha (twice) (D:3)
  3 adders (D:3)
  A worm (D:3)
  2 dart slugs
  An orc (D:3)
  3 bats
  6 endoplasms
  4 goblins
  5 hobgoblins
  5 ball pythons
  7 frilled lizards
  5 kobolds
  2 rats
49 creatures vanquished.

Notes
Turn   | Place    | Note
-------+----------+-------------------------------------------
     0 | D:1      | Iusername the Minotaur Fighter began the quest for the Orb.
     0 | D:1      | Reached XP level 1. HP: 19/19 MP: 0/0
   157 | D:1      | Reached XP level 2. HP: 23/27 MP: 1/1
   405 | D:1      | Found a faded altar of an unknown god.
   807 | D:1      | Prayed at the altar of an unknown god.
   807 | D:1      | Became a worshipper of Uskayaw the Reveller
   807 | D:1      | Reached * piety under Uskayaw
  1367 | D:2      | Reached XP level 3. HP: 30/33 MP: 2/2
  1775 | D:3      | Reached ** piety under Uskayaw
  1998 | D:3      | Noticed Natasha
  2000 | D:3      | Killed Natasha
  2001 | D:3      | Reached XP level 4. HP: 40/40 MP: 3/3
  2087 | D:3      | Noticed Natasha
  2089 | D:3      | Killed Natasha
  2090 | D:3      | Reached skill level 5 in Armour
  2112 | D:3      | Found a snail-covered altar of Cheibriados.
  2132 | D:3      | Noticed Sigmund
  2142 | D:3      | Reached *** piety under Uskayaw
  2143 | D:3      | Killed Sigmund
  2144 | D:3      | Reached XP level 5. HP: 34/47 MP: 4/4
  2144 | D:3      | Reached XP level 6. HP: 38/53 MP: 5/5
  2448 | D:3      | Noticed Jessica
  2454 | D:3      | Killed Jessica
  2686 | D:3      | Reached skill level 5 in Maces & Flails
  2703 | D:3      | HP: 1/55 [orc/+0 whip (5)]
  2703 | D:3      | Slain by an orc priest

Illustrated notes

Levels and vault maps discovered:
D:1:      heliophobic_arrival_henge, layout_loops_ring,
          chequers_ecumenical_altar_island, minmay_pentomino_p4
D:2:      layout_basic
D:3:      layout_loops_corners, lemuel_tele_altar, slow_altar_2, uniq_sigmund,
          uniq_jessica, uniq_natasha

Skill      XL: |  1  2  3  4  5  6 |
---------------+-------------------+-----
Armour         | 4 5 |  5.9
Shields        | 4 |  4.4
Fighting       | 4 |  4.8
Maces & Flails | 4 5 |  5.0
Dodging        | |  0.6
Stealth        | |  0.6

Action                   |  1- 3 |  4- 6 || total
-------------------------+-------+-------++-------
Melee: Flail             |    61 |    45 ||   106
       Headbutt          |     9 |    10 ||    19
 Stab: Paralysed         |       |     1 ||     1
Armor: Scale mail        |    22 |    18 ||    40
Dodge: Dodged            |    18 |     9 ||    27
Block: Buckler           |    10 |     7 ||    17

Table legend: (Time is in decaauts)
 A = Elapsed time spent in this place.
 B = Non-inter-level travel time spent in this place.
 C = Inter-level travel time spent in this place.
 D = Time resting spent in this place.
 E = Time spent auto-exploring this place.
 F = Levels seen in this place.
 G = Mean time per level.
                   A        B        C        D        E       F      G
               +--------+--------+--------+--------+--------+-----+--------+
         Total |   2737 |   2647 |     90 |      0 |   2295 |   3 |  912.3 |
       Dungeon |   2737 |   2647 |     90 |      0 |   2295 |   3 |  912.3 |
               +--------+--------+--------+--------+--------+-----+--------+

Top non-repeatable levels by time:
     D:3: 1003 daAuts
     D:2: 890 daAuts
     D:1: 842 daAuts
